 Dungeon Crawl Stone Soup version 0.29-a0-486-ga88943ba61 (webtiles) character file.

Game seed: 12653523042625919927

539 KateP the Slasher (level 7, -3/60 HPs)
             Began as a Minotaur Fighter on May 26, 2022.
             Killed by divine providence
             ... invoked by an orc priest
              (12 damage)
             ... on level 5 of the Dungeon.
             The game lasted 00:03:52 (4075 turns).

KateP the Slasher (Minotaur Fighter)                Turns: 4075, Time: 00:03:53

Health: -3/60      AC: 12    Str: 23    XL:     7   Next: 5%
Magic:  6/6        EV:  6    Int:  5    God:
Gold:   224        SH:  4    Dex:  9    Spells: 6/6 levels left

rFire   . . .      SeeInvis .   a - +0 long sword
rCold   . . .      Faith    .   c - +0 buckler
rNeg    . . .      Spirit   .   j - +0 plate armour
rPois   .          Reflect  .   (helmet restricted)
rElec   .          Harm     .   (no cloak)
rCorr   .          Rampage  .   (no gloves)
Will    .....                   (no boots)
Stlth   ..........              (no amulet)
HPRegen 0.20/turn               (no ring)
MPRegen 0.10/turn               (no ring)

@: mighty
A: horns 2, retaliatory headbutt
a: no special abilities


You were on level 5 of the Dungeon.
You visited 1 branch of the dungeon, and saw 5 of its levels.

You collected 224 gold pieces.

Inventory:

Hand Weapons
 a - a +0 long sword (weapon)
Armour
 c - a +0 buckler (worn)
 j - a +0 plate armour (worn)
Jewellery
 p - a ring of ice
 u - a ring of protection from cold
Wands
 s - a wand of iceblast (6)
 t - a wand of flame (4)
Scrolls
 i - 3 scrolls of teleportation {unknown}
 k - 2 scrolls of fear {unknown}
 l - 4 scrolls of identify {unknown}
 m - a scroll of fog {unknown}
 o - a scroll of amnesia {unknown}
 q - a scroll of blinking {unknown}
 r - a scroll of magic mapping {unknown}
Potions
 b - a potion of invisibility {unknown}
 e - 4 potions of curing {unknown}
 f - a potion of attraction {unknown}
 g - 3 potions of degeneration {unknown}
 h - 2 potions of lignification {unknown}
 n - a potion of flight {unknown}
 v - a potion of heal wounds {unknown}


   Skills:
 + Level 4.9 Fighting
 * Level 7.7 Long Blades
 + Level 5.2 Armour
 + Level 0.5 Dodging
 + Level 0.1 Stealth
 - Level 3.6 Shields


You had 6 spell levels left.
You didn't know any spells.
Your spell library contained the following spells:

 Spells                   Type           Power      Damage    Failure   Level
 Apportation              Tloc           0%         N/A       100%        1
 Ensorcelled Hibernation  Hex/Ice        0%         N/A       100%        2
 Passwall                 Tmut/Erth      0%         N/A       100%        2
 Ozocubu's Armour         Ice            0%         N/A       100%        3
 Swiftness                Air            0%         N/A       100%        3
 Alistair's Intoxication  Tmut/Pois      0%         N/A       100%        5
 Ozocubu's Refrigeration  Ice            0%         4d5       100%        7


Dungeon Overview and Level Annotations

Branches:
Dungeon (5/15)
 Temple: D:4-7

Altars:

Shops:
D:3 *   D:4 [:


Innate Abilities, Weirdness & Mutations

You have a pair of horns on your head.
You reflexively headbutt those who attack you in melee.


Message History

The orc priest hits you from afar with a +0 spear.
* * * LOW HITPOINT WARNING * * *
You hit the scorpion.
The scorpion is lightly wounded.
The orc priest hits you but does no damage.
The scorpion stings you but does no damage.
An orc comes into view. It is wielding a +0 hand axe.
You closely miss the scorpion.
The scorpion is lightly wounded.
You block the scorpion's attack.
The orc priest hits you from afar with a +0 spear.
* * * LOW HITPOINT WARNING * * *
The gnoll barely misses you.
You hit the scorpion but do no damage.
The scorpion is lightly wounded.
The scorpion completely misses you. The orc priest barely misses you.
The gnoll hits you but does no damage.
The scorpion stings you but does no damage.
A gnoll comes into view. It is wielding a +0 spear.
You closely miss the scorpion. You headbutt the scorpion!
The scorpion is severely wounded.
The scorpion completely misses you.
The orc priest casts a cantrip, but nothing happens.
The scorpion attacks as you move away! You block the scorpion's attack.
You hit the scorpion.
The scorpion is almost dead.
The scorpion stings you but does no damage.
The orc priest hits you but does no damage.
The gnoll barely misses you.
A gnoll comes into view. It is wielding a +0 falchion.
The scorpion stings you but does no damage.
The orc attacks as you move away! The orc hits you but does no damage.
The gnoll shouts!
You hear a shout!
A gnoll comes into view. It is wielding a +0 flail.
The gnoll shouts!
You slash the scorpion!
You kill the scorpion!
The orc priest calls down the wrath of Beogh upon you.
Beogh smites you!
You die...

# #....#........
#.## .............
#...####.#.........<
#.................
#....##.#.........
#.##.##.#.........
#.....<..# ##
#####........#
...##....g†@.###.#
......##..o....#.#
........o.####.#.#
........g## #.#.#
#....†.## #..§#
)...#.g## ##..#
.##..g# #...# ......
##..# .)..# ..#


You could see an orc priest, 4 gnolls and an orc.

Vanquished Creatures
  A black bear (D:5)
  A phantom (D:5)
  A scorpion (D:5)
  A howler monkey (D:5)
  An orc priest (D:4)
  A hound (D:4)
  An iguana (D:5)
  2 orc wizards (D:4)
  9 adders
  2 dart slugs (D:3)
  7 orcs
  2 bats
  10 endoplasms
  6 giant cockroaches
  13 goblins
  5 hobgoblins
  13 jackals
  5 quokkas
  8 ball pythons
  4 frilled lizards
  7 kobolds
  4 rats
104 creatures vanquished.

Vanquished Creatures (others)
  A kobold (D:3)
  4 plants (D:3)
5 creatures vanquished.

Grand Total: 109 creatures vanquished

Notes
Turn   | Place    | Note
-------+----------+-------------------------------------------
     0 | D:1      | KateP the Minotaur Fighter began the quest for the Orb.
     0 | D:1      | Reached XP level 1. HP: 19/19 MP: 0/0
   138 | D:1      | Reached XP level 2. HP: 27/27 MP: 1/1
   202 | D:1      | Reached skill level 3 in Long Blades
   397 | D:1      | Reached XP level 3. HP: 33/33 MP: 2/2
  1267 | D:2      | Found a faded altar of an unknown god.
  1294 | D:2      | Reached skill level 4 in Long Blades
  1780 | D:2      | Reached XP level 4. HP: 38/41 MP: 3/3
  2139 | D:3      | Found Caet's Assorted Antiques.
  2614 | D:3      | Reached skill level 5 in Long Blades
  2760 | D:4      | Reached XP level 5. HP: 47/47 MP: 4/4
  3243 | D:4      | Found Buwn's Book Emporium.
  3280 | D:4      | Found Miask's Antique Armour Emporium.
  3783 | D:4      | Reached skill level 6 in Long Blades
  3792 | D:4      | Reached XP level 6. HP: 35/53 MP: 5/5
  4028 | D:5      | Entered Level 5 of the Dungeon
  4045 | D:5      | Reached skill level 7 in Long Blades
  4054 | D:5      | Reached skill level 5 in Armour
  4061 | D:5      | Reached XP level 7. HP: 21/60 MP: 6/6
  4075 | D:5      | Killed from afar by an orc priest

Illustrated notes

Levels and vault maps discovered:
D:1:      minmay_arrival_stair_chambers, layout_loops_corners,
          nicolae_figureground_sparkle
D:2:      layout_loops_ring, hellmonk_ecumenical_altar_heavens_door,
          minmay_goblin_kobold_house
D:3:      layout_rooms, serial_forest, infiniplex_forest_clump_long,
          infiniplex_forest_lined_3, infiniplex_forest_corner_1,
          infiniplex_forest_fountain, infiniplex_forest_lined_3,
          infiniplex_forest_corner_2, infiniplex_forest_lined_room_3,
          serial_shops, nicolae_shop_competitors_out_of_business
D:4:      layout_layer_cave, serial_shops, nicolae_shop_hallway_plus,
          shop_statue, glass_columns_a
D:5:      layout_rooms, lemuel_crystal_altar, minmay_misc_feat_tiny

Skill      XL: |  1  2  3  4  5  6 |
---------------+-------------------+-----
Fighting       | 4 |  4.9
Long Blades    | 3 4 5 6 7 |  7.7
Armour         | 4 5 |  5.2
Dodging        | |  0.5
Stealth        | |  0.1
Shields        | |  3.6

Action                   |  1- 3 |  4- 6 |  7- 9 || total
-------------------------+-------+-------+-------++-------
Melee: Long sword        |   129 |   146 |     9 ||   284
       Headbutt          |    15 |    18 |     1 ||    34
  Use: Potion            |       |     1 |       ||     1
Armor: Scale mail        |    32 |       |       ||    32
       Plate armour      |    68 |   118 |     8 ||   194
Dodge: Dodged            |    50 |    53 |     7 ||   110
Block: Buckler           |    25 |    19 |     2 ||    46

Table legend: (Time is in decaauts)
 A = Elapsed time spent in this place.
 B = Non-inter-level travel time spent in this place.
 C = Inter-level travel time spent in this place.
 D = Time resting spent in this place.
 E = Time spent auto-exploring this place.
 F = Levels seen in this place.
 G = Mean time per level.
                   A        B        C        D        E       F      G
               +--------+--------+--------+--------+--------+-----+--------+
         Total |   4133 |   4133 |      0 |      2 |   3375 |   5 |  826.6 |
       Dungeon |   4133 |   4133 |      0 |      2 |   3375 |   5 |  826.6 |
               +--------+--------+--------+--------+--------+-----+--------+

Top non-repeatable levels by time:
     D:4: 1287 daAuts
     D:1: 1095 daAuts
     D:2: 1082 daAuts
     D:3: 618 daAuts
     D:5: 49 daAuts
